 Dungeon Crawl Stone Soup version 0.21.1-1-g345015fe64 (webtiles) character file.

35230 Oravi the Blocker (level 14, -4/94 HPs)
             Began as a Halfling Fighter on Mar 29, 2018.
             Was a High Priest of Okawaru.
             Slain by a death yak (9 damage)
             ... on level 3 of the Lair of Beasts.
             The game lasted 02:30:45 (20922 turns).

Oravi the Blocker (Halfling Fighter)               Turns: 20922, Time: 02:30:45

Health: -4/94      AC: 20    Str: 20    XL:     14   Next: 17%
Magic:  12/16      EV: 14    Int:  6    God:    Okawaru [*****.]
Gold:   1132       SH: 14    Dex: 18    Spells: 13/13 levels left

rFire    + . .     SeeInvis .   t - +1 dagger (venom)
rCold    + + .     Gourm    .   c - +0 shield
rNeg     . . .     Faith    .   M - +0 shadow dragon scales
rPois    .         Spirit   .   s - +0 helmet
rElec    .         Reflect  .   Q - scarf {rC+ rF+}
rCorr    +         Harm     .   o - +1 pair of gloves {archery}
MR       +....                  (no boots)
Stlth    +++.......             T - amulet of rage
HPRegen  0.25/turn              J - ring of the Princess {rC+ AC+2 Dex+2}
MPRegen  0.15/turn              B - ring of resist corrosion

@: no status effects
A: small, mutation resistance 1
a: Heroism, Finesse, Renounce Religion, Evoke Berserk Rage


You were on level 3 of the Lair of Beasts.
You worshipped Okawaru.
Okawaru was extremely pleased with you.
You were very hungry.

You visited 3 branches of the dungeon, and saw 15 of its levels.
You also visited: Ice Cave and Volcano.

You collected 1470 gold pieces.
You spent 338 gold pieces at shops.

Inventory:

Hand Weapons
 a - a +6 short sword
 b - a +1 fustibalus of freezing
 p - a +0 fustibalus of flaming
 t - a +1 dagger of venom (weapon)
 A - a +1 rapier
 H - a +1 short sword of electrocution
Missiles
 h - 462 stones (quivered)
 y - 60 sling bullets
Armour
 c - a +0 shield (worn)
 k - a +3 plate armour of fire resistance
 o - a +1 pair of gloves of archery (worn)
 s - a +0 helmet (worn)
 M - +0 shadow dragon scales (worn)
 Q - a scarf of resistance (worn)
Jewellery
 B - a ring of resist corrosion (right hand)
 J - the ring of the Princess (left hand) {rC+ AC+2 Dex+2}
   (You bought it in a shop on level 8 of the Dungeon)

   [ring of protection]

   It affects your AC (+2).
   It affects your dexterity (+2).
   It protects you from cold.
 R - an uncursed ring of see invisible
 T - an amulet of rage (around neck)
Wands
 d - a wand of flame (3)
 j - a wand of scattershot (7)
 u - a wand of iceblast (5)
 v - a wand of paralysis (27)
 z - a wand of acid (9)
 E - a wand of disintegration (28)
 F - a wand of polymorph (9)
Scrolls
 e - 3 scrolls of remove curse
 i - 2 scrolls of teleportation
 l - 2 scrolls of magic mapping
 n - 2 scrolls of enchant weapon
 q - a scroll of blinking
 w - 10 scrolls of identify
 I - 2 scrolls of enchant armour
 L - 3 scrolls of fear
Potions
 m - 2 potions of cancellation
 r - 2 potions of berserk rage
 x - 3 potions of agility
 G - 2 potions of haste
 K - a potion of invisibility
 N - a potion of curing
Comestibles
 f - 19 rations
 g - a chunk of flesh


   Skills:
 + Level 8.3 Fighting
 - Level 13.0 Short Blades
 * Level 11.2 Slings
 + Level 10.8 Armour
 + Level 6.9 Dodging
 + Level 13.4 Shields
 + Level 3.0 Invocations
 + Level 2.5 Evocations


You had 13 spell levels left.
You didn't know any spells.

Dungeon Overview and Level Annotations

Branches:
Dungeon (11/15)            Temple (1/1) D:7            Lair (3/6) D:10
  Swamp (0/4) Lair:2        Snake (0/4) Lair:2          Orc (0/2) D:10

Altars:
Ashenzari
Cheibriados
Dithmenos
Elyvilon
Fedhas
Gozag
Hepliaklqana
Kikubaaqudgha
Makhleb
Nemelex Xobeh
Okawaru
Qazlal
Ru
Sif Muna
Trog
Uskayaw
Vehumet
Wu Jian
Xom
Yredelemnul
Zin
The Shining One

Shops:
D:5 (   D:8 =   D:9 !   D:10 *


Innate Abilities, Weirdness & Mutations

You are small and have problems with some larger weapons.
You are somewhat resistant to further mutation.


Message History

You hit the death yak but do no damage.
The death yak looks as sick as possible!
The death yak is heavily wounded.
You hit the death yak but do no damage.
The death yak looks as sick as possible!
The death yak is heavily wounded.
You puncture the death yak!
The death yak looks as sick as possible!
The death yak is severely wounded.
You hit the death yak but do no damage.
The death yak looks as sick as possible!
The death yak is severely wounded.
You feel like a meek peon again. The death yak gores you!!
* * * LOW HITPOINT WARNING * * *
Found a ration.
Your hands slow down.
You are feeling very hungry.
The death yak gores you!
You die...

,,,,...P........#......†##*,,,,**
,,,,...................#[#**...,,
,,,,...................#.##...P,,
,,,,,..........%...............%,
,,,,,,.##..P...##.#......#####.#*
,,,>,,.....................# ***
,,,,,,....................##
,,,,,,...........Y........#
,,,,,,........(.@Y........#
,,,,,,...........(.......P#
,,,,,,..........#.(......##****
,,,,,,...PP....###(....###**,,***
,,,,,*....##...#*.(###..#**,,,,*,
,,,,*,,...*##..#...(,,....,,,,,,,
,,,,,,,,,,,,..,,.....,....,,,,,,,
,<,,,,,,,,,...,,......,,..,,,,,,,
.,,,,,,,,,,,,,,,,,,,,,,,,,,,,,,,,


You could see 2 death yaks.

Vanquished Creatures
  A frost giant (IceCv)
  A stone giant (Volcano)
  A hydra (Lair:1)
  2 two-headed ogres
  6 death yaks
  An unseen horror (D:11)
  Pikel (D:4)
  A manticore (D:11)
  An ice statue (IceCv)
  2 black mambas
  A centaur skeleton (D:10)
  A gargoyle (Volcano)
  6 spiny frogs
  3 rime drakes
  4 komodo dragons
  An efreet (Volcano)
  14 polar bears (IceCv)
  3 trolls
  Grinder (D:4)
  A blink frog (Lair:1)
  5 hippogriffs
  The ghost of BorisKarlOrff the Shield-Bearer, an amateur GrFi (D:4)
  A wyvern (Lair:1)
  Sigmund (D:2)
  26 yaks
  7 fire bats (Volcano)
  3 fire elementals (Volcano)
  A steam dragon (D:11)
  A basilisk (Lair:2)
  Menkaure (D:5)
  3 nagas (Lair:2)
  A warg (D:10)
  4 water moccasins (Lair:1)
  11 porcupines
  8 orc warriors
  2 sky beasts
  An eye of draining (D:9)
  8 ice beasts (Lair:2)
  2 black bears
  A phantom (D:11)
  9 wolves (IceCv)
  6 centaurs
  3 ogres
  A necrophage (D:8)
  3 crocodiles
  2 big kobolds
  7 bullfrogs
  A gnoll sergeant (D:7)
  An earth elemental (Volcano)
  3 scorpions
  12 killer bees
  12 wights
  5 howler monkeys
  6 lava snakes (Volcano)
  2 crimson imps
  A quasit (D:11)
  2 bullfrog zombies
  A centaur zombie (D:7)
  5 hounds
  7 jellies
  8 orc priests
  A gnoll shaman (D:6)
  Natasha (twice) (D:2)
  Terence (D:3)
  2 iguanas
  11 orc wizards
  10 worker ants
  2 killer bee zombies
  A hound zombie (D:6)
  3 hound skeletons
  A worker ant zombie (D:8)
  Robin (D:2)
  16 gnolls
  9 adders
  2 shadow imps
  6 oozes
  6 worms
  3 dart slugs
  10 leopard geckos
  45 orcs
  6 giant cockroaches
  15 goblins
  5 hobgoblins
  6 jackals
  13 kobolds
  3 quokkas
  11 bats
  9 frilled lizards
  A quokka skeleton (D:8)
  5 rats
443 creatures vanquished.

Vanquished Creatures (others)
  2 polar bears (IceCv)
  A yak (IceCv)
  2 slaves (D:4)
  5 wolves (IceCv)
  A howler monkey (D:4)
  Natasha (D:2)
  5 fungi (D:10)
17 creatures vanquished.

Grand Total: 460 creatures vanquished

Notes
Turn   | Place    | Note
-------+----------+-------------------------------------------
     0 | D:1      | Oravi the Halfling Fighter began the quest for the Orb.
     0 | D:1      | Reached XP level 1. HP: 15/15 MP: 1/1
     0 | D:1      | Noticed a large abomination
     0 | D:1      | Noticed a shadow dragon
     1 | D:1      | Noticed an ice dragon
     3 | D:1      | Noticed a large abomination
     7 | D:1      | Noticed a tentacled monstrosity
     8 | D:1      | Noticed a shadow dragon
    10 | D:1      | Noticed a tentacled monstrosity
    12 | D:1      | Noticed an orb of fire
    14 | D:1      | Noticed a shadow dragon
    14 | D:1      | Noticed an iron dragon
    14 | D:1      | Noticed an orb of fire
    16 | D:1      | Noticed a white draconian
    16 | D:1      | Noticed an iron dragon
    18 | D:1      | Noticed a large abomination
    18 | D:1      | Noticed a large abomination
    52 | D:1      | Noticed an iron dragon
   148 | D:1      | Reached XP level 2. HP: 19/21 MP: 2/2
   423 | D:1      | Reached XP level 3. HP: 26/26 MP: 3/3
   765 | D:2      | Found a faded altar of an unknown god.
   854 | D:2      | Reached XP level 4. HP: 13/33 MP: 4/4
  1236 | D:2      | Noticed Robin
  1258 | D:2      | Killed Robin
  1421 | D:2      | Noticed Sigmund
  1422 | D:2      | Noticed Natasha
  1720 | D:2      | Reached XP level 5. HP: 34/37 MP: 5/5
  1921 | D:2      | Killed Natasha
  2122 | D:2      | Noticed Natasha
  2144 | D:2      | Killed Natasha
  2385 | D:3      | Reached XP level 6. HP: 30/44 MP: 6/6
  2395 | D:3      | Reached skill level 5 in Short Blades
  2638 | D:3      | Noticed Terence
  2652 | D:3      | Killed Terence
  2669 | D:3      | Reached skill level 5 in Fighting
  2907 | D:3      | Found a sparkling altar of Nemelex Xobeh.
  3204 | D:4      | Noticed BorisKarlOrff's ghost (amateur GrFi)
  3217 | D:4      | Noticed a slave
  3271 | D:4      | Noticed a slave
  3271 | D:4      | Noticed Grinder
  3272 | D:4      | Noticed a slave
  3272 | D:4      | Noticed a slave
  3273 | D:4      | Noticed Pikel
  3370 | D:4      | Reached XP level 7. HP: 19/50 MP: 7/7
  3633 | D:4      | Found a stormy altar of Qazlal.
  3754 | D:4      | Paralysed by Grinder for 2 turns
  3766 | D:4      | Paralysed by Grinder for 4 turns
  3790 | D:4      | Paralysed by Grinder for 5 turns
  3794 | D:4      | Killed Grinder
  4277 | D:4      | Killed Pikel
  4277 | D:4      | Reached skill level 10 in Short Blades
  4277 | D:4      | Reached XP level 8. HP: 17/55 MP: 8/8
  4462 | D:4      | Found an iron altar of Okawaru.
  4472 | D:4      | Became a worshipper of Warmaster Okawaru
  4560 | D:4      | Found a stormy altar of Qazlal.
  4803 | D:5      | Entered Level 5 of the Dungeon
  5064 | D:5      | Reached skill level 1 in Dodging
  5281 | D:5      | Noticed a hippogriff
  5309 | D:5      | Killed a hippogriff
  5309 | D:5      | Reached XP level 9. HP: 36/61 MP: 9/9
  5449 | D:5      | Noticed Menkaure
  5467 | D:5      | Killed Menkaure
  5467 | D:5      | Reached * piety under Okawaru
  5517 | D:5      | Reached skill level 1 in Evocations
  5712 | D:5      | Found a radiant altar of Vehumet.
  6254 | D:5      | Found Sooh's Antique Weapon Shop.
  6816 | D:2      | Killed Sigmund
  6816 | D:2      | Reached skill level 5 in Armour
  6843 | D:2      | Noticed Natasha
  6856 | D:2      | Killed Natasha
  7701 | D:6      | Reached skill level 5 in Shields
  8556 | D:7      | Reached ** piety under Okawaru
  8624 | D:7      | Reached XP level 10. HP: 66/66 MP: 10/10
  9116 | D:7      | Found a staircase to the Ecumenical Temple.
  9126 | Temple   | Entered the Ecumenical Temple
  9716 | D:8      | Noticed a two-headed ogre
  9985 | D:8      | Found a snail-covered altar of Cheibriados.
 10052 | D:8      | Killed a two-headed ogre
 10368 | D:8      | Found a hide-covered altar of Uskayaw.
 10388 | D:8      | Reached *** piety under Okawaru
 10394 | D:8      | Found Edesitz's Jewellery Emporium.
 10401 | D:8      | Bought the ring of the Princess {rC+ AC+2 Dex+2} for 338 gold pieces
 10462 | D:8      | Noticed a dagger
 10463 | D:8      | Noticed a hand axe
 10892 | D:8      | Reached XP level 11. HP: 64/72 MP: 11/11
 11025 | D:8      | Reached **** piety under Okawaru
 11343 | D:4      | Killed BorisKarlOrff's ghost
 11475 | D:9      | Found a sacrificial altar of Ru.
 11596 | D:9      | Noticed a two-headed ogre
 11618 | D:9      | Killed a two-headed ogre
 11618 | D:9      | Reached skill level 5 in Dodging
 11952 | D:9      | Reached skill level 1 in Invocations
 12303 | D:9      | Found Hubyxiuh's Distillery.
 12582 | D:9      | Found a glowing golden altar of the Shining One.
 12671 | D:9      | Found a sparkling altar of Nemelex Xobeh.
 12767 | D:9      | Found an ornate altar of the Wu Jian Council.
 12957 | D:10     | Entered Level 10 of the Dungeon
 13157 | D:10     | Found a staircase to the Orcish Mines.
 13600 | D:10     | Found a staircase to the Lair.
 13989 | D:10     | Reached ***** piety under Okawaru
 13989 | D:10     | Reached skill level 10 in Shields
 14002 | D:10     | Found Bizythil's Elemental Accessories.
 14150 | D:11     | Noticed a manticore
 14163 | D:11     | Killed a manticore
 14163 | D:11     | Reached XP level 12. HP: 62/80 MP: 13/13
 14355 | D:11     | Received a gift from Okawaru
 14758 | D:11     | Noticed an unseen horror
 14782 | D:11     | Killed an unseen horror
 15184 | Lair:1   | Entered Level 1 of the Lair of Beasts
 15319 | Lair:1   | Noticed a four-headed hydra
 15332 | Lair:1   | Killed a four-headed hydra
 15772 | Lair:1   | Received a gift from Okawaru
 15872 | Lair:1   | Reached skill level 1 in Slings
 15944 | Lair:1   | Found the +9 staff of Wucad Mu {channel}
 16101 | Lair:1   | Reached ****** piety under Okawaru
 16675 | Lair:2   | Reached skill level 10 in Armour
 16683 | Lair:2   | Found a staircase to the Swamp.
 16720 | Lair:2   | Reached skill level 5 in Slings
 16752 | Lair:2   | Found a frozen archway.
 16784 | Lair:2   | Reached XP level 13. HP: 70/87 MP: 14/14
 16812 | IceCv    | Entered an ice cave
 17312 | IceCv    | Received a gift from Okawaru
 18281 | IceCv    | Noticed a frost giant
 18309 | IceCv    | Received a gift from Okawaru
 18338 | IceCv    | Killed a frost giant
 19315 | Lair:2   | Found a staircase to the Snake Pit.
 19971 | Lair:3   | Found a dark tunnel.
 19980 | Volcano  | Entered a volcano
 20215 | Volcano  | Received a gift from Okawaru
 20303 | Volcano  | Noticed a stone giant
 20326 | Volcano  | Killed a stone giant
 20326 | Volcano  | Reached skill level 10 in Slings
 20326 | Volcano  | Reached XP level 14. HP: 78/94 MP: 8/15
 20502 | Volcano  | Found a burning altar of Makhleb.
 20560 | Volcano  | Found a burning altar of Makhleb.
 20862 | Lair:3   | Received a gift from Okawaru
 20913 | Lair:3   | HP: 3/94 [death yak (20)]
 20922 | Lair:3   | Slain by a death yak

Skill      XL: |  1  2  3  4  5  6  7  8  9 10 11 12 13 14 |
---------------+-------------------------------------------+-----
Fighting       | 3 4 5 6 7 8 |  8.3
Short Blades   | 3 4 6 10 11 12 13 | 13.0
Dodging        | 1 3 4 5 6 |  6.9
Armour         | 4 6 7 8 10 | 10.8
Shields        | 5 8 10 11 13 | 13.4
Evocations     | 1 2 |  2.5
Invocations    | 1 2 3 |  3.0
Slings         | 5 10 11 | 11.2

Action                   |  1- 3 |  4- 6 |  7- 9 | 10-12 | 13-15 || total
-------------------------+-------+-------+-------+-------+-------++-------
Melee: Dagger            |    94 |   271 |   469 |   498 |    27 ||  1359
       Short sword       |       |       |       |   768 |   518 ||  1286
 Fire: Hunting sling     |       |       |       |    28 |    21 ||    49
       Fustibalus        |       |       |       |       |   120 ||   120
Invok: Heroism           |       |       |     2 |    17 |    11 ||    30
       Finesse           |       |       |       |     1 |     4 ||     5
 Abil: Evoke Berserk Rag |       |       |       |       |     1 ||     1
Evoke: Wand              |       |     2 |     2 |     7 |    19 ||    30
  Use: Potion            |       |     5 |     5 |     1 |     4 ||    15
       Scroll            |       |     5 |     4 |     9 |     2 ||    20
 Stab: Sleeping          |       |       |       |     8 |       ||     8
       Distracted        |       |       |       |     1 |     1 ||     2
  Eat: Chunk             |       |     8 |    13 |    23 |     7 ||    51
       Ration            |       |       |     1 |     1 |     2 ||     4
Armor: Scale mail        |    35 |    60 |    89 |    82 |       ||   266
       Skin              |       |     2 |       |       |       ||     2
       Shadow dragon sca |       |       |       |   194 |    98 ||   292
Dodge: Dodged            |    30 |    62 |   117 |   311 |   156 ||   676
Block: Shield            |    38 |   101 |   158 |   527 |   239 ||  1063
